 Dungeon Crawl Stone Soup version 0.28-a0-612-gcfc00ec14d (webtiles) character file.

Game seed: 17046866747078070088

8985 siradein the Fighter (level 11, -8/99 HPs)
             Began as a White Draconian Berserker on Oct 6, 2021.
             Was a High Priest of Trog.
             Mangled by a boulder beetle (13 damage)
             ... on level 11 of the Dungeon.
             The game lasted 00:41:43 (12655 turns).

siradein the Fighter (White Draconian Berserker)   Turns: 12655, Time: 00:41:44

Health: -8/99      AC: 11    Str: 21    XL:     11   Next: 17%
Magic:  11/11      EV: 17    Int:  8    God:    Trog [*****.]
Gold:   629        SH:  0    Dex: 18    Spells: 10/10 levels left

rFire   . . .      SeeInvis .   D - +1 dire flail (protect)
rCold   + . .      Faith    .   (shield currently unavailable)
rNeg    . . .      Spirit   .   (armour unavailable)
rPois   .          Reflect  .   (helmet restricted)
rElec   .          Harm     .   H - +0 cloak
rCorr   .          Rampage  .   O - +2 pair of gloves
Will    +++..                   (no boots)
Stlth   ++........              (no amulet)
HPRegen 1.26/turn               h - ring of willpower
MPRegen 0.12/turn               r - +6 ring of dexterity

@: strong-willed, on berserk cooldown, regenerating, slowed, very slow
A: breathe frost, AC +7, unfitting armour, cold resistance 1, cold-blooded
a: Breathe Frost, Renounce Religion, Berserk, Trog's Hand, Brothers in Arms


You were on level 11 of the Dungeon.
You worshipped Trog.
Trog was extremely pleased with you.
You visited 1 branch of the dungeon, and saw 11 of its levels.

You collected 657 gold pieces.
You spent 28 gold pieces at shops.

Inventory:

Hand Weapons
 a - a +0 battleaxe
 t - the +5 hand axe of Kocivi {freeze, Int+3}
   (You found it on level 4 of the Dungeon)

   It freezes those it strikes, dealing additional cold damage.
   It can also slow down cold-blooded creatures.
   Int:       It affects your intelligence (+3).
 D - a +1 dire flail of protection (weapon)
Missiles
 m - 47 poisoned darts
 o - 13 javelins
 p - 2 atropa-tipped darts
 N - 2 throwing nets
Armour
 H - a +0 cloak (worn)
 O - a +2 pair of gloves (worn)
Jewellery
 h - a ring of willpower (left hand)
 r - a +6 ring of dexterity (right hand)
Wands
 w - a wand of paralysis (10)
 J - a wand of acid (6)
 K - a wand of charming (10)
Scrolls
 d - 3 scrolls of magic mapping {unknown}
 k - 4 scrolls of amnesia {unknown}
 q - a scroll of torment {unknown}
 v - a scroll of brand weapon {unknown}
 y - a scroll of vulnerability {unknown}
 z - 3 scrolls of immolation {unknown}
 A - a scroll of fog {unknown}
 B - 2 scrolls of blinking {unknown}
 C - 2 scrolls of teleportation {unknown}
 E - a scroll of noise {unknown}
 L - a scroll of silence
 M - 2 scrolls of identify
Potions
 c - 3 potions of invisibility
 e - 2 potions of might
 f - 2 potions of heal wounds {unknown}
 g - 3 potions of lignification
 i - 2 potions of magic
 j - 2 potions of resistance
 l - 4 potions of cancellation
 n - a potion of ambrosia {unknown}
 s - 2 potions of attraction {unknown}
 u - a potion of haste
 x - 2 potions of berserk rage {unknown}
 F - 5 potions of curing {unknown}
 G - a potion of flight {unknown}
 I - a potion of degeneration {unknown}


   Skills:
 + Level 10.0 Fighting
 + Level 9.2 Axes
 + Level 7.3 Throwing
 + Level 8.4 Dodging
 + Level 4.1 Evocations


You had 10 spell levels left.
You didn't know any spells.
Your spell library was empty.

Dungeon Overview and Level Annotations

Branches:
Dungeon (11/15)            Temple (0/1) D:7            Lair (0/6) D:8
    Orc (0/2) D:9

Altars:
Okawaru
Qazlal
Trog
Xom

Shops:
D:2 ?

Annotations:
D:3 2 runed translucent doors, tonyyikes's ghost, amateur TeCj
D:6 3 runed translucent doors, SkeletonJelly's ghost, novice SpWr


Innate Abilities, Weirdness & Mutations

You can breathe waves of freezing cold which knock back foes.
Your icy white scales are hard. (AC +7)
You cannot fit into any form of body armour.
Your flesh is cold resistant. (rC+)
You are cold-blooded and may be slowed by cold attacks.


Message History

You feel yourself slow down.
You have got your breath back.
The boulder beetle bites you!!
You hit the boulder beetle but do no damage.
The boulder beetle is severely wounded.
The boulder beetle bites you! The boulder beetle bites you.
Abil: Breathe Frost
Press: ? - help, Q - select action, (/) - cycle Shift-Dir - straight line, f/p - boulder beetle
Aim: a boulder beetle (severely wounded)
You exhale a wave of freezing cold.
The freezing breath hits the boulder beetle.
The boulder beetle is severely wounded.
The boulder beetle is blown backwards by the freezing wind.
The orc misses you. The orc hits you with a +0 mace.
You are too injured to fight recklessly!
You puncture the orc!
You kill the orc!
Trog accepts your kill.
The boulder beetle curls into a ball and begins rolling!
The boulder beetle hits you!
The boulder beetle stops rolling and uncurls.
You barely miss the orc.
You tail-slap the orc, but do no damage.
The orc closely misses you.
The boulder beetle leaps!
The orc hits you but does no damage.
The boulder beetle curls into a ball and begins rolling!
You hit the orc.
You tail-slap the orc, but do no damage.
The orc is heavily wounded.
The orc closely misses you. x2
You have got your breath back.
The orc barely misses you.
You closely miss the orc.
You tail-slap the orc, but do no damage.
The orc is heavily wounded.
The orc misses you. The boulder beetle hits you!!!
* * * LOW HITPOINT WARNING * * *
The boulder beetle stops rolling and uncurls.
The orc misses you. The boulder beetle bites you!
You die...

♣≈≈≈≈≈≈. .........
..≈≈♣≈♣.P #B.......
..P.≈≈♣..P #........
.....♣....## #........
...........## ###......#
.......<...####......###
#..........)....o....#
#.......##))#...........
#.......##o@#..........#
##.......##.B#......##..#
#.........#.°#.......##.#
##........#°.#.......# ..
#.........#°.#.....#...
#......<..#..#...###...
###......##..#.###
##.....#...# #.....##...#


You could see a boulder beetle and an orc.

Vanquished Creatures
  2 two-headed ogres
  Maggie (D:10)
  A hornet (D:10)
  3 trolls
  Grinder (D:4)
  A slime creature (D:5)
  Prince Ribbit (D:8)
  A shadow (D:10)
  2 vampires
  A wraith (D:9)
  2 wyverns
  A steam dragon (D:5)
  Edmund (D:6)
  Menkaure (D:4)
  3 wargs (D:8)
  A water moccasin (D:8)
  2 acid dragons
  3 orc warriors
  A sky beast (D:8)
  A centaur (D:11)
  3 phantoms
  3 kobold brigands
  2 bullfrogs
  2 gnoll sergeants
  2 scorpions (D:5)
  A wyvern zombie (D:6)
  17 killer bees
  11 wights
  10 howler monkeys
  2 bullfrog zombies (D:5)
  4 centaur zombies
  4 orc priests
  6 jellies
  A centaur skeleton (D:6)
  4 hounds
  3 bullfrog skeletons
  An iguana (D:5)
  10 orc wizards
  Natasha (thrice) (D:2)
  A howler monkey zombie (D:9)
  3 adders
  9 gnolls
  A shadow imp (D:6)
  2 white imps (D:6)
  An ufetubus (D:6)
  A worm (D:3)
  3 dart slugs
  30 orcs
  8 ball pythons
  10 bats
  10 endoplasms
  7 giant cockroaches
  18 goblins
  10 hobgoblins
  17 kobolds
  A quokka (D:4)
  3 frilled lizards
  3 rats
257 creatures vanquished.

Vanquished Creatures (others)
  Robin (D:4)
  An adder (D:4)
  A worm (D:4)
  5 goblins (D:4)
  3 hobgoblins (D:4)
  A kobold (D:4)
  2 fungi (D:5)
  A plant (D:8)
  9 toadstools (D:5)
24 creatures vanquished.

Grand Total: 281 creatures vanquished

Notes
Turn   | Place    | Note
-------+----------+-------------------------------------------
     0 | D:1      | siradein the Draconian Berserker began the quest for the
                  | Orb.
     0 | D:1      | Reached XP level 1. HP: 19/19 MP: 1/1
   293 | D:1      | Reached XP level 2. HP: 26/26 MP: 2/2
   540 | D:1      | Found a faded altar of an unknown god.
   720 | D:1      | Reached XP level 3. HP: 25/33 MP: 3/3
   958 | D:2      | Reached ** piety under Trog
  1652 | D:2      | Noticed Natasha
  1667 | D:2      | Killed Natasha
  1668 | D:2      | Reached skill level 4 in Fighting
  1668 | D:2      | Reached XP level 4. HP: 37/40 MP: 4/4
  1908 | D:2      | Found Cogiuz's Magic Scroll Shop.
  1915 | D:2      | Bought a scroll of identify for 28 gold pieces
  2326 | D:2      | Noticed Natasha
  2336 | D:2      | Killed Natasha
  2741 | D:2      | Noticed Natasha
  2749 | D:2      | Killed Natasha
  2853 | D:3      | Reached XP level 5. HP: 27/47 MP: 5/5
  3086 | D:3      | Noticed a vault guard
  3087 | D:3      | Noticed a vault warden
  3087 | D:3      | Noticed a vault guard
  3087 | D:3      | Noticed tonyyikes's ghost (amateur TeCj)
  3088 | D:3      | Found a large runed translucent door.
  3088 | D:3      | Found a large runed translucent door.
  3535 | D:3      | Reached *** piety under Trog
  3829 | D:4      | Noticed Menkaure
  3843 | D:4      | Killed Menkaure
  3844 | D:4      | Reached skill level 5 in Fighting
  3844 | D:4      | Reached skill level 1 in Throwing
  3844 | D:4      | Reached XP level 6. HP: 7/56 MP: 6/6
  4284 | D:4      | Identified the +5 hand axe of Kocivi {freeze, Int+3}
  4297 | D:4      | Found a shimmering altar of Xom.
  4318 | D:4      | Reached skill level 5 in Axes
  4323 | D:4      | Killed Robin
  4370 | D:4      | Noticed an orc warrior
  4403 | D:4      | Killed an orc warrior
  4404 | D:4      | Your scales start taking on an icy white colour.
  4404 | D:4      | Reached XP level 7. HP: 61/61 MP: 7/7
  4404 | D:4      | Gained mutation: Your flesh is cold resistant. (rC+) [White
                  | Draconian growth]
  4656 | D:4      | Noticed Grinder
  4668 | D:4      | Killed Grinder
  4941 | D:5      | Entered Level 5 of the Dungeon
  4993 | D:5      | Reached skill level 5 in Dodging
  5045 | D:5      | Reached skill level 6 in Fighting
  5173 | D:5      | Reached XP level 8. HP: 58/70 MP: 8/8
  5377 | D:5      | Noticed a slime creature
  5389 | D:5      | Killed a slime creature
  5389 | D:5      | Reached **** piety under Trog
  5755 | D:5      | Reached skill level 7 in Fighting
  6468 | D:6      | Reached XP level 9. HP: 45/79 MP: 9/9
  6829 | D:6      | Noticed Edmund
  6843 | D:6      | Killed Edmund
  7074 | D:6      | Found a runed translucent gate.
  7074 | D:6      | Found a runed translucent gate.
  7075 | D:6      | Found a runed translucent gate.
  7078 | D:6      | Noticed SkeletonJelly's ghost (novice SpWr)
  7585 | D:7      | Reached skill level 5 in Throwing
  7820 | D:7      | Reached skill level 8 in Fighting
  7909 | D:7      | Found a staircase to the Ecumenical Temple.
  8676 | D:7      | Identified the +0 ring mail of Restlessness {rPois Str+2
                  | Slay+3 Stlth+}
  9627 | D:8      | Found a staircase to the Lair.
  9638 | D:8      | Reached XP level 10. HP: 60/84 MP: 10/10
  9668 | D:8      | HP: 4/86 [warg (9)]
  9669 | D:8      | Reached ***** piety under Trog
 10052 | D:8      | Noticed Prince Ribbit
 10061 | D:8      | Killed Prince Ribbit
 10217 | D:8      | Reached skill level 9 in Fighting
 10217 | D:8      | Reached skill level 1 in Evocations
 10634 | D:9      | Noticed a two-headed ogre
 10651 | D:9      | Killed a two-headed ogre
 11061 | D:9      | Found a bloodstained altar of Trog.
 11442 | D:9      | Found a staircase to the Orcish Mines.
 11469 | D:10     | Entered Level 10 of the Dungeon
 11537 | D:10     | Noticed Maggie
 11563 | D:10     | Killed Maggie
 11736 | D:10     | Noticed a two-headed ogre
 11759 | D:10     | Killed a two-headed ogre
 11760 | D:10     | Reached XP level 11. HP: 78/99 MP: 11/11
 12123 | D:10     | Found an iron altar of Okawaru.
 12123 | D:10     | Found a stormy altar of Qazlal.
 12196 | D:10     | Reached skill level 10 in Fighting
 12618 | D:11     | Noticed a boulder beetle
 12655 | D:11     | Mangled by a boulder beetle

Illustrated notes

Levels and vault maps discovered:
D:1:      tarquinn_simple_flora_water_b, layout_loops_cross,
          shapermc_ecumenical_altar_starsandcircs
D:2:      layout_basic, serial_shops, shop, uniq_natasha
D:3:      layout_loops_ring, advil_vaults_ghost_guards, minmay_tree_intersection
D:4:      layout_basic, xom_confusion_cloud, kennysheep_dice, uniq_grinder,
          uniq_menkaure, uniq_robin
D:5:      cheibrodos_fertilizer, layout_basic
D:6:      gammafunk_ghost_necromancy, layout_loops_cross, uniq_edmund
D:7:      layout_layer_cave, minmay_temple_entry_mini_moons
D:8:      layout_rooms, erik_lair_orcish_takeover, uniq_prince_ribbit1
D:9:      layout_roguey, trog_hazing_becter, orc_0_dummy,
          kennysheep_generic_room_14
D:10:     layout_long_grid, mainiacjoe_overflow_divided_tiny, st_stairs_10,
          uniq_maggie
D:11:     minmay_statue_hallways, layout_cave_pools,
          gammafunk_ghost_nasty_kobolds, serial_bayou_pond_a

Skill      XL: |  1  2  3  4  5  6  7  8  9 10 11 |
---------------+----------------------------------+-----
Dodging        | 3 4 5 6 7 8 |  8.4
Fighting       | 4 5 6 7 8 9 10 | 10.0
Axes           | 4 5 6 8 9 |  9.2
Throwing       | 1 2 3 4 6 7 |  7.3
Evocations     | 3 4 |  4.1

Action                   |  1- 3 |  4- 6 |  7- 9 | 10-12 || total
-------------------------+-------+-------+-------+-------++-------
Melee: Hand axe          |   115 |   141 |   146 |       ||   402
       Tailslap          |     8 |    23 |    53 |    62 ||   146
       Battleaxe         |       |       |    33 |    38 ||    71
       Dire flail        |       |       |   142 |   216 ||   358
Throw: Dart              |       |       |       |     3 ||     3
Invok: Berserk           |     1 |     6 |     8 |     6 ||    21
       Trog's Hand       |       |       |     1 |     6 ||     7
 Abil: Breathe Frost     |       |       |    10 |    10 ||    20
  Use: Scroll            |       |     2 |     3 |     1 ||     6
 Stab: Sleeping          |     2 |     1 |     2 |     2 ||     7
Armor: Skin              |    52 |    51 |   131 |   110 ||   344
Dodge: Dodged            |    90 |    80 |   303 |   276 ||   749

Table legend: (Time is in decaauts)
 A = Elapsed time spent in this place.
 B = Non-inter-level travel time spent in this place.
 C = Inter-level travel time spent in this place.
 D = Time resting spent in this place.
 E = Time spent auto-exploring this place.
 F = Levels seen in this place.
 G = Mean time per level.
                   A        B        C        D        E       F      G
               +--------+--------+--------+--------+--------+-----+--------+
         Total |  12862 |  12750 |    112 |    939 |   8930 |  11 | 1169.3 |
       Dungeon |  12862 |  12750 |    112 |    939 |   8930 |  11 | 1169.3 |
               +--------+--------+--------+--------+--------+-----+--------+

Top non-repeatable levels by time:
     D:2: 1929 daAuts
     D:7: 1739 daAuts
     D:5: 1360 daAuts
     D:6: 1303 daAuts
     D:4: 1235 daAuts
     D:8: 1235 daAuts
    D:10: 1145 daAuts
     D:3: 972 daAuts
     D:9: 969 daAuts
     D:1: 905 daAuts
    D:11: 65 daAuts
